 Dungeon Crawl Stone Soup version 0.30-a0-165-g1891117ce2 (webtiles) character file.

Game seed: 18326996033108638306

4372 qw the Cleaver (level 10, -3/63 HPs)
             Began as a Gargoyle Fighter on Sept 28, 2022.
             Was a Priest of Okawaru.
             Slain by Psyche
             ... wielding a +1 dagger of distortion
              (9 damage)
             ... on level 8 of the Dungeon.
             The game lasted 00:03:09 (8443 turns).

qw the Cleaver (Gargoyle Fighter)                   Turns: 8443, Time: 00:03:09

Health: -3/63      AC:  0    Str: 24    XL:     10   Next: 34%
Magic:  13/13      EV: 18    Int:  9    God:    Okawaru [***...]
Gold:   528        SH:  0    Dex: 14    Spells: 9/9 levels left

rFire   . . .      SeeInvis .    (weapon currently unavailable)
rCold   . . .      Faith    .    (shield currently unavailable)
rNeg    + . .      Spirit   .    (body armour currently unavailable)
rPois   inf        Reflect  .    (helmet currently unavailable)
rElec   .          Harm     .    (cloak currently unavailable)
rCorr   .          Rampage  .    (gloves currently unavailable)
Will    .....                    (boots currently unavailable)
Stlth   +.........               (no amulet)
HPRegen 0.20/turn                (ring currently unavailable)
MPRegen 0.13/turn                (ring currently unavailable)

@: bat-form, flying, hasted, very quick
A: fast, flying, no casting, sickness immunity, AC +7, tiny, negative energy
resistance 1, (electricity resistance), torment resistance 1, petrification
resistance
a: Renounce Religion, Heroism


You were on level 8 of the Dungeon.
You worshipped Okawaru.
Okawaru was most pleased with you.
You were a bat.
You visited 2 branches of the dungeon, and saw 9 of its levels.
You also visited: Sewer.

You collected 528 gold pieces.


Innate Abilities, Weirdness & Mutations

You are a bat.
You are tiny and dextrous.
You move quickly.
You are flying.
Your equipment is almost entirely melded.
You are incapable of wielding weapons or throwing items.
You cannot cast spells.
You are immune to sickness and miasma.
((Your stone body is resilient. (AC +7)))
You are immune to poison.
You resist negative energy. (rN+)
((You are resistant to electric shocks. (rElec)))
You are resistant to unholy torment.
You are immune to petrification.


   Skills:
 - Level 7.3 Fighting
 - Level 10.0 Axes
 - Level 3.0 Throwing
 - Level 6.8 Armour
 + Level 1.0 Dodging
 - Level 4.1 Shields
 - Level 4.6 Invocations


You had 9 spell levels left.
You didn't know any spells.
Your spell library was empty.

Inventory:

Hand Weapons
 p - a +0 vampiric war axe (melded)
 t - a +1 morningstar of draining
Missiles
 j - 5 boomerangs
 q - a silver javelin
Armour
 c - a +0 buckler (melded)
 f - a +1 pair of gloves (melded)
 s - a +0 plate armour (melded)
Jewellery
 e - a +4 ring of slaying (melded) {mikee}
 l - a ring of resist corrosion (melded)
Scrolls
 h - 9 scrolls of identify
 k - 2 scrolls of teleportation
Potions
 b - 3 potions of mutation
 d - 2 potions of might
 g - 4 potions of curing
 i - a potion of cancellation
 n - 3 potions of heal wounds
 o - 3 potions of lignification
 r - a potion of haste

Dungeon Overview and Level Annotations

Branches:
Dungeon (8/15)             Temple (1/1) D:4           Sewer (visited)
   Lair: D:8-11

Altars:
Ashenzari
Cheibriados
Dithmenos
Fedhas
Gozag
Hepliaklqana
Kikubaaqudgha
Makhleb
Nemelex Xobeh
Okawaru
Ru
Sif Muna
Trog
Uskayaw
Vehumet
Wu Jian
Xom
Yredelemnul
Zin
The Shining One

Annotations:
D:4 3 runed translucent doors, qw's ghost, amateur GrFi
D:7 5 transporters
D:8 Psyche


Message History

You swing at nothing.
Something closely misses you.
You hit something but do no damage. Something barely misses you.
You swing at nothing.
Something hits you.
You blink.
You swing at nothing.
You hear some strange, mumbled words.
A swirling arc of seething chaos appears!
An arc of chaos appears from out of thin air!
The arc of chaos hits you!
You feel yourself speed up.
You swing at nothing.
You swing at nothing.
You swing at nothing.
You swing at nothing.
You closely miss something. Something barely misses you.
You hit something. You hit something but do no damage.
You hear some strange, mumbled words.
A swirling arc of seething chaos appears!
An arc of chaos appears from out of thin air!
The arc of chaos hits you.
You miss something.
You hear some strange, mumbled words.
A swirling arc of seething chaos appears!
An arc of chaos appears from out of thin air!
The arc of chaos hits you but does no damage.
You resist.
You hit something. You hit something. Something hits you.
Space warps around you.
You closely miss something. Something closely misses you.
You closely miss something. You closely miss something. Something hits you!
You barely miss something. Something hits you!
You die...

#./. #... .#. #..# #.#
... #..# #.# #.. #..#
.###.###.. #.# #..#
......... #.#
##.########.......
#.####b..#...).........
#.##.{.................
#.##.#...#.####........
#.##.##.#..............
#.#.#.#...............#
#..###........##.#.##.)
###.#.###..........####
#.## #..............
#.# .##...##.##....


There were no monsters in sight!

Vanquished Creatures
  A two-headed ogre (D:8)
  Maggie (D:6)
  Prince Ribbit (D:5)
  Grinder (D:5)
  A wyvern (D:8)
  A steam dragon (D:7)
  A water moccasin (D:7)
  2 orc warriors
  A sky beast (D:6)
  An ice beast (D:5)
  A black bear (D:7)
  3 ogres (D:7)
  3 phantoms
  2 centaurs
  A kobold brigand (D:6)
  2 bullfrogs (Sewer)
  A necrophage (D:6)
  3 scorpions
  5 hounds
  6 orc priests
  3 jellies
  Natasha (thrice) (D:4)
  3 iguanas
  Ijyb (D:4)
  Terence (D:2)
  8 orc wizards
  A mummy (D:6)
  5 river rats (Sewer)
  15 adders
  4 white imps
  5 worms
  3 dart slugs
  17 orcs
  20 ball pythons
  4 bats
  9 endoplasms
  4 giant cockroaches
  7 hobgoblins
  4 jackals (D:3)
  A quokka (D:2)
  7 frilled lizards
  5 goblins
  A goblin zombie (D:6)
  15 kobolds
  A kobold zombie (D:6)
  26 rats
211 creatures vanquished.

Vanquished Creatures (others)
  A bat (D:1)
1 creature vanquished.

Grand Total: 212 creatures vanquished

Notes
Turn   | Place    | Note
-------+----------+-------------------------------------------
     0 | D:1      | qw the Gargoyle Fighter began the quest for the Orb.
     0 | D:1      | Reached XP level 1. HP: 14/14 MP: 1/1
     0 | D:1      | 0 ||| qw: Version: 0.2-a-10-g37ed214
     0 | D:1      | 0 ||| qw: Game counter: 720
     0 | D:1      | 0 ||| qw: Always use a shield: true
     0 | D:1      | 0 ||| qw: God list: Okawaru
     0 | D:1      | 0 ||| qw: Allow faded altars: false
     0 | D:1      | 0 ||| qw: Do Orc after D:15 true
     0 | D:1      | 0 ||| qw: Do second Lair branch before Depths: true
     0 | D:1      | 0 ||| qw: Lair rune preference: random
     0 | D:1      | 0 ||| qw: Plans: Normal, Zot:1-4, God:TSO, Crypt, Tomb,
                  | Pan, Slime:5, Hells, Abyss, Orb
     0 | D:1      | 0 ||| PLANNING D:1-11
   135 | D:1      | 135 ||| Stepping ~*~*~tactically~*~*~ (stealth).
   140 | D:1      | Reached skill level 2 in Axes
   178 | D:1      | Reached XP level 2. HP: 19/19 MP: 2/2
   402 | D:1      | Found a faded altar of an unknown god.
   843 | D:1      | Reached skill level 3 in Axes
  1011 | D:1      | Reached XP level 3. HP: 23/23 MP: 3/3
  1184 | D:1      | 1184 ||| UPGRADING to ring of resist corrosion.
  1185 | D:1      | 1185 ||| READING scroll labelled GOURAKHEK QEOS.
  1186 | D:1      | 1186 ||| READING scroll labelled JUKKECHEDIDD.
  1187 | D:1      | 1187 ||| READING 2 scrolls labelled HOISAD YCZUAKK.
  1188 | D:1      | 1188 ||| READING scroll labelled PIEQAGR OMID.
  1189 | D:1      | 1189 ||| READING scroll labelled IKHUNYHEAWE.
  1325 | D:2      | Noticed Terence
  1341 | D:2      | Killed Terence
  1342 | D:2      | Reached XP level 4. HP: 7/28 MP: 4/4
  1673 | D:2      | 1673 ||| Stepping ~*~*~tactically~*~*~ (hiding).
  1849 | D:2      | Reached skill level 4 in Axes
  2369 | D:2      | 2369 ||| UPGRADING to +0 chain mail.
  2379 | D:2      | 2379 ||| DROPPING +0 scale mail.
  2380 | D:2      | 2380 ||| UPGRADING to +4 ring of slaying {mikee}.
  2381 | D:2      | 2381 ||| DROPPING ring of flight.
  2382 | D:2      | 2382 ||| READING scroll labelled BESIOWKEAF.
  2383 | D:2      | 2383 ||| DRINKING 4 black potions.
  2524 | D:3      | Found a glowing silver altar of Zin.
  2621 | D:3      | Reached skill level 1 in Throwing
  2621 | D:3      | Reached XP level 5. HP: 25/32 MP: 5/5
  2864 | D:3      | Found a shimmering blue altar of Sif Muna.
  3154 | D:3      | 3154 ||| READING scroll labelled RAOHIERPHUI.
  3155 | D:3      | 3155 ||| READING scroll labelled QERGHI ONOBB.
  3156 | D:3      | 3156 ||| DRINKING 2 fizzy clear potions.
  3157 | D:3      | 3157 ||| READING 4 scrolls of identify.
  3157 | D:3      | 3157 ||| IDENTIFYING bubbling emerald potion
  3158 | D:3      | 3158 ||| READING 3 scrolls of identify.
  3158 | D:3      | 3158 ||| IDENTIFYING glowing ruby potion
  3159 | D:3      | 3159 ||| READING 2 scrolls of identify.
  3159 | D:3      | 3159 ||| IDENTIFYING fuming green potion
  3160 | D:3      | 3160 ||| DROPPING potion of degeneration.
  3161 | D:3      | 3161 ||| DROPPING potion of berserk rage.
  3204 | D:4      | Found a staircase to the Ecumenical Temple.
  3205 | D:4      | 3205 ||| PLANNING TEMPLE
  3205 | D:4      | 3205 ||| FLEEEEING.
  3206 | D:4      | 3206 ||| FLEEEEING.
  3207 | D:4      | 3207 ||| STAIRDANCE
  3214 | D:4      | 3214 ||| STAIRDANCE
  3289 | D:4      | 3289 ||| FLEEEEING.
  3290 | D:4      | 3290 ||| FLEEEEING.
  3291 | D:4      | 3291 ||| FLEEEEING.
  3292 | D:4      | 3292 ||| FLEEEEING.
  3293 | D:4      | 3293 ||| FLEEEEING.
  3294 | D:4      | 3294 ||| FLEEEEING.
  3296 | D:4      | 3296 ||| FLEEEEING.
  3297 | D:4      | 3297 ||| FLEEEEING.
  3298 | D:4      | 3298 ||| STAIRDANCE
  3304 | D:4      | 3304 ||| STAIRDANCE
  3314 | D:4      | 3314 ||| FLEEEEING.
  3319 | D:4      | 3319 ||| STAIRDANCE
  3326 | D:4      | 3326 ||| FLEEEEING.
  3327 | D:4      | 3327 ||| FLEEEEING.
  3328 | D:4      | 3328 ||| FLEEEEING.
  3329 | D:4      | 3329 ||| STAIRDANCE
  3333 | D:4      | 3333 ||| STAIRDANCE
  3383 | D:4      | 3383 ||| STAIRDANCE
  3388 | D:4      | 3388 ||| STAIRDANCE
  3402 | Temple   | Entered the Ecumenical Temple
  3415 | Temple   | 3415 ||| PLANNING OKAWARU WORSHIP
  3500 | Temple   | Became a worshipper of Warmaster Okawaru
  3501 | Temple   | 3501 ||| PLANNING D:1-11
  3518 | D:4      | 3518 ||| Stepping ~*~*~tactically~*~*~ (stealth).
  3521 | D:4      | 3521 ||| Stepping ~*~*~tactically~*~*~ (hiding).
  3527 | D:4      | 3527 ||| Stepping ~*~*~tactically~*~*~ (stealth).
  3528 | D:4      | 3528 ||| Stepping ~*~*~tactically~*~*~ (stealth).
  3531 | D:4      | 3531 ||| Stepping ~*~*~tactically~*~*~ (stealth).
  3533 | D:4      | 3533 ||| Stepping ~*~*~tactically~*~*~ (stealth).
  3534 | D:4      | 3534 ||| Stepping ~*~*~tactically~*~*~ (hiding).
  3537 | D:4      | 3537 ||| Stepping ~*~*~tactically~*~*~ (stealth).
  3542 | D:4      | Reached skill level 5 in Axes
  3545 | D:4      | Reached XP level 6. HP: 38/38 MP: 6/6
  3673 | D:4      | 3673 ||| Stepping ~*~*~tactically~*~*~ (stealth).
  3698 | D:4      | Found a bloodstained altar of Trog.
  3700 | D:4      | Found a hazy altar of Hepliaklqana.
  3718 | D:4      | Noticed Natasha
  3731 | D:4      | Killed Natasha
  3732 | D:4      | Reached skill level 6 in Axes
  3732 | D:4      | Reached XP level 7. HP: 38/43 MP: 7/7
  3788 | D:4      | 3788 ||| Stepping ~*~*~tactically~*~*~ (stealth).
  3826 | D:4      | 3826 ||| Stepping ~*~*~tactically~*~*~ (hiding).
  3835 | D:4      | Reached * piety under Okawaru
  3838 | D:4      | Noticed Natasha
  3839 | D:4      | 3839 ||| INVOKING Heroism.
  3845 | D:4      | Killed Natasha
  3909 | D:4      | Noticed Natasha
  3910 | D:4      | 3910 ||| Stepping ~*~*~tactically~*~*~ (stealth).
  3913 | D:4      | 3913 ||| Stepping ~*~*~tactically~*~*~ (stealth).
  3965 | D:4      | 3965 ||| Stepping ~*~*~tactically~*~*~ (stealth).
  3967 | D:4      | Noticed Ijyb
  3968 | D:4      | 3968 ||| Stepping ~*~*~tactically~*~*~ (hiding).
  3974 | D:4      | 3974 ||| INVOKING Heroism.
  3976 | D:4      | 3976 ||| DRINKING 4 potions of curing.
  3976 | D:4      | 3976 ||| (to cure confusion)
  3980 | D:4      | Killed Natasha
  3981 | D:4      | Reached skill level 1 in Invocations
  3982 | D:4      | Killed Ijyb
  4043 | D:4      | 4043 ||| Stepping ~*~*~tactically~*~*~ (stealth).
  4044 | D:4      | 4044 ||| Stepping ~*~*~tactically~*~*~ (stealth).
  4052 | D:4      | 4052 ||| INVOKING Heroism.
  4053 | D:4      | 4053 ||| Stepping ~*~*~tactically~*~*~ (hiding).
  4054 | D:4      | 4054 ||| Stepping ~*~*~tactically~*~*~ (hiding).
  4066 | D:4      | Reached skill level 1 in Dodging
  4111 | D:4      | Found a runed translucent gate.
  4112 | D:4      | Found a runed translucent gate.
  4114 | D:4      | Found a runed translucent gate.
  4115 | D:4      | Noticed qw's ghost (amateur GrFi)
  4115 | D:4      | Noticed qw's ghost (amateur GrFi)
  4456 | D:4      | 4456 ||| UPGRADING to +0 pair of gloves.
  4461 | D:4      | 4461 ||| READING scroll labelled QIONYVYPSUOL.
  4505 | D:4      | 4505 ||| READING 2 scrolls of identify.
  4505 | D:4      | 4505 ||| IDENTIFYING bubbling purple potion
  4548 | D:5      | Entered Level 5 of the Dungeon
  4603 | D:5      | 4603 ||| READING scroll of brand weapon.
  4603 | D:5      | 4603 ||| BRANDING +0 vorpal war axe.
  4668 | D:5      | Found a blossoming altar of Fedhas.
  4680 | D:5      | Noticed Grinder
  4681 | D:5      | 4681 ||| Stepping ~*~*~tactically~*~*~ (hiding).
  4682 | D:5      | 4682 ||| Stepping ~*~*~tactically~*~*~ (hiding).
  4683 | D:5      | 4683 ||| Stepping ~*~*~tactically~*~*~ (hiding).
  4686 | D:5      | 4686 ||| INVOKING Heroism.
  4686 | D:5      | Paralysed by Grinder for 4 turns
  4703 | D:5      | 4703 ||| INVOKING Heroism.
  4705 | D:5      | 4705 ||| Stepping ~*~*~tactically~*~*~ (hiding).
  4707 | D:5      | 4707 ||| Stepping ~*~*~tactically~*~*~ (hiding).
  4717 | D:5      | 4717 ||| Stepping ~*~*~tactically~*~*~ (hiding).
  4718 | D:5      | 4718 ||| Stepping ~*~*~tactically~*~*~ (hiding).
  4728 | D:5      | Killed Grinder
  4729 | D:5      | Reached skill level 7 in Axes
  4899 | D:5      | 4899 ||| INVOKING Heroism.
  4905 | D:5      | Reached XP level 8. HP: 43/48 MP: 6/9
  4913 | D:5      | 4913 ||| DRINKING 3 potions of curing.
  4913 | D:5      | 4913 ||| (to cure confusion)
  4918 | D:5      | Reached skill level 3 in Invocations
  4940 | D:5      | 4940 ||| DROPPING +0 whip.
  5152 | D:5      | 5152 ||| Stepping ~*~*~tactically~*~*~ (hiding).
  5162 | D:5      | Noticed Prince Ribbit
  5163 | D:5      | 5163 ||| INVOKING Heroism.
  5180 | D:5      | Killed Prince Ribbit
  5647 | D:5      | 5647 ||| INVOKING Heroism.
  5744 | D:5      | Reached skill level 8 in Axes
  5846 | D:5      | 5846 ||| DROPPING ring of magical power.
  5847 | D:5      | 5847 ||| READING scroll labelled MIEWAA MOQOMASK.
  5848 | D:5      | 5848 ||| READING scroll labelled RECSOOTEIM.
  5849 | D:5      | 5849 ||| READING scroll labelled YWAROK BAALI.
  5850 | D:5      | 5850 ||| READING 4 scrolls of identify.
  5850 | D:5      | 5850 ||| IDENTIFYING smoky amethyst potion
  5851 | D:5      | 5851 ||| READING 3 scrolls of identify.
  5851 | D:5      | 5851 ||| IDENTIFYING ruby potion
  5852 | D:5      | 5852 ||| DROPPING potion of flight.
  5853 | D:5      | 5853 ||| DROPPING potion of brilliance.
  5858 | D:6      | 5858 ||| PLANNING SEWER
  5886 | D:6      | 5886 ||| INVOKING Heroism.
  5888 | D:6      | Reached ** piety under Okawaru
  5909 | D:6      | 5909 ||| Stepping ~*~*~tactically~*~*~ (stealth).
  5994 | D:6      | Found an ancient bone altar of Kikubaaqudgha.
  5995 | D:6      | 5995 ||| Stepping ~*~*~tactically~*~*~ (stealth).
  6003 | D:6      | Reached skill level 6 in Fighting
  6003 | D:6      | Reached XP level 9. HP: 55/55 MP: 12/12
  6184 | D:6      | Found a glowing drain.
  6185 | D:6      | 6185 ||| READING scroll labelled KURHIM VETIVIRPH.
  6186 | D:6      | 6186 ||| READING 4 scrolls of identify.
  6186 | D:6      | 6186 ||| IDENTIFYING orange potion
  6196 | Sewer    | Entered a sewer
  6211 | Sewer    | 6211 ||| INVOKING Heroism.
  6276 | Sewer    | 6276 ||| INVOKING Heroism.
  6319 | Sewer    | 6319 ||| INVOKING Heroism.
  6383 | Sewer    | 6383 ||| INVOKING Heroism.
  6405 | Sewer    | 6405 ||| INVOKING Heroism.
  6470 | Sewer    | 6470 ||| INVOKING Heroism.
  6531 | Sewer    | 6531 ||| READING scroll of enchant armour.
  6531 | Sewer    | 6531 ||| ENCHANTING +0 pair of gloves.
  6538 | Sewer    | 6538 ||| READING scroll labelled WECZAK KANE.
  6539 | Sewer    | 6539 ||| DRINKING 2 fuming silvery potions.
  6540 | Sewer    | 6540 ||| DRINKING 3 blue potions.
  6541 | Sewer    | 6541 ||| DROPPING 2 potions of invisibility.
  6544 | D:6      | 6544 ||| RIP OSSUARY
  6545 | D:6      | 6545 ||| PLANNING D:1-11
  6583 | D:6      | 6583 ||| Stepping ~*~*~tactically~*~*~ (stealth).
  6585 | D:6      | 6585 ||| Stepping ~*~*~tactically~*~*~ (stealth).
  6586 | D:6      | 6586 ||| Stepping ~*~*~tactically~*~*~ (stealth).
  6762 | D:6      | Noticed Maggie
  6776 | D:6      | 6776 ||| INVOKING Heroism.
  6778 | D:6      | Killed Maggie
  6779 | D:6      | Reached skill level 9 in Axes
  7064 | D:7      | 7064 ||| INVOKING Heroism.
  7114 | D:7      | 7114 ||| Stepping ~*~*~tactically~*~*~ (hiding).
  7146 | D:7      | 7146 ||| INVOKING Heroism.
  7264 | D:7      | 7264 ||| INVOKING Heroism.
  7359 | D:7      | 7359 ||| Stepping ~*~*~tactically~*~*~ (hiding).
  7360 | D:7      | 7360 ||| Stepping ~*~*~tactically~*~*~ (hiding).
  7372 | D:7      | Reached skill level 3 in Throwing
  7377 | D:7      | 7377 ||| INVOKING Heroism.
  7384 | D:7      | Reached *** piety under Okawaru
  7508 | D:7      | 7508 ||| INVOKING Heroism.
  7578 | D:7      | 7578 ||| Stepping ~*~*~tactically~*~*~ (stealth).
  7579 | D:7      | 7579 ||| Stepping ~*~*~tactically~*~*~ (stealth).
  7584 | D:7      | 7584 ||| Stepping ~*~*~tactically~*~*~ (stealth).
  7670 | D:7      | 7670 ||| INVOKING Heroism.
  7688 | D:7      | Found a transporter.
  7710 | D:7      | Found a transporter.
  7710 | D:7      | Found a transporter.
  7724 | D:7      | Found a transporter.
  7725 | D:7      | Noticed a troll
  7727 | D:7      | Noticed a boulder beetle
  7727 | D:7      | Noticed a two-headed ogre
  7730 | D:7      | 7730 ||| Stepping ~*~*~tactically~*~*~ (hiding).
  7848 | D:7      | 7848 ||| INVOKING Heroism.
  7909 | D:7      | 7909 ||| INVOKING Heroism.
  7960 | D:7      | 7960 ||| INVOKING Heroism.
  7961 | D:7      | 7961 ||| Stepping ~*~*~tactically~*~*~ (stealth).
  7971 | D:7      | 7971 ||| Stepping ~*~*~tactically~*~*~ (stealth).
  7972 | D:7      | 7972 ||| Stepping ~*~*~tactically~*~*~ (stealth).
  7973 | D:7      | 7973 ||| Stepping ~*~*~tactically~*~*~ (stealth).
  7974 | D:7      | 7974 ||| Stepping ~*~*~tactically~*~*~ (stealth).
  7983 | D:7      | Reached skill level 10 in Axes
  7983 | D:7      | Reached XP level 10. HP: 59/63 MP: 13/13
  8003 | D:7      | 8003 ||| DROPPING +0 flail.
  8089 | D:7      | 8089 ||| INVOKING Heroism.
  8098 | D:7      | 8098 ||| Stepping ~*~*~tactically~*~*~ (cloud).
  8102 | D:7      | 8102 ||| Stepping ~*~*~tactically~*~*~ (cloud).
  8240 | D:7      | Found a transporter.
  8252 | D:7      | 8252 ||| UPGRADING to +0 plate armour.
  8262 | D:7      | 8262 ||| DROPPING +0 chain mail.
  8283 | D:8      | 8283 ||| INVOKING Heroism.
  8284 | D:8      | Noticed a two-headed ogre
  8305 | D:8      | Killed a two-headed ogre
  8306 | D:8      | Reached skill level 6 in Armour
  8417 | D:8      | Noticed Psyche
  8439 | D:8      | HP: 13/63 [something (5)]
  8442 | D:8      | HP: 5/63 [something (8)]
  8443 | D:8      | Slain by Psyche

Levels and vault maps discovered:
D:1:      dpeg_arrival_central, layout_loops_ring,
          shapermc_ecumenical_altar_flowoftime, lemuel_flame_loot_1
D:2:      layout_loops_ring, uniq_terence
D:3:      layout_loops_ring, led_sif_pool, mainiacjoe_overflow_small_starburst,
          minmay_misc_feat_more_columns
D:4:      layout_rooms, jmf_multi_god_temple, minmay_temple_entry_large_hall,
          gammafunk_ghost_cemetery, minmay_unequal, uniq_ijyb, uniq_natasha
D:5:      layout_layer_cave, fedhas_altar_1, amcnicky_mini_rare_corridor_liquid,
          grunt_decor_mini_mirrors, dk_noncrumbling_4,
          minmay_fractal_squares_gapless_5, uniq_grinder, uniq_prince_ribbit1
D:6:      layout_basic, nicolae_overflow_crystal_walls, portal_sewer_entry_d,
          nicolae_ossuary_entry_giza, uniq_maggie
D:7:      gammafunk_the_bubble [the_bubble_gammafunk_roulette], layout_gridville
D:8:      layout_loops_ring, elyvilon_altar_1, uniq_psyche, uniq_maurice
Temple:   compressed_dpeg_circular_temple

Skill      XL: |  1  2  3  4  5  6  7  8  9 10 |
---------------+-------------------------------+-----
Axes           | 2 3 4 5 6 7 8 10 | 10.0
Throwing       | 1 2 3 |  3.0
Fighting       | 4 6 7 |  7.3
Invocations    | 2 4 |  4.6
Dodging        | 1 |  1.0
Armour         | 4 6 |  6.8
Shields        | 4 |  4.1

Action                   |  1- 3 |  4- 6 |  7- 9 | 10-12 || total
-------------------------+-------+-------+-------+-------++-------
Melee: War axe           |    74 |    95 |   340 |    32 ||   541
       Unarmed           |       |       |       |    12 ||    12
Throw: Javelin           |       |    15 |    32 |       ||    47
       Boomerang         |       |       |     4 |       ||     4
Invok: Heroism           |       |       |    25 |     2 ||    27
  Use: Scroll            |     5 |     6 |    12 |       ||    23
       Potion            |       |     2 |     4 |       ||     6
Armor: Scale mail        |    18 |    18 |       |       ||    36
       Chain mail        |       |    43 |   152 |     4 ||   199
       Plate armour      |       |       |       |     8 ||     8
Dodge: Dodged            |    18 |    36 |   104 |    10 ||   168
Block: Buckler           |    19 |    19 |    71 |     7 ||   116

Table legend:
 A = Non-vault XP
 B = Vault XP
 C = Vault XP percentage of total XP
 D = Non-vault monster count
 E = Vault monster count
 F = Vault count percentage of total count
                 A         B        C        D         E       F
            +---------+---------+-------+---------+---------+-------
      Total |    4595 |    1651 |  26.4 |     144 |      67 |  31.8
            +---------+---------+-------+---------+---------+-------
        D:1 |      40 |       0 |   0.0 |      25 |       0 |   0.0
        D:2 |      62 |      36 |  36.7 |      21 |       1 |   4.5
        D:3 |      43 |       0 |   0.0 |      12 |       0 |   0.0
        D:4 |     559 |     176 |  23.9 |      25 |       7 |  21.9
        D:5 |     607 |     658 |  52.0 |      16 |       5 |  23.8
        D:6 |     641 |     422 |  39.7 |      15 |       5 |  25.0
        D:7 |    1379 |       0 |   0.0 |      23 |       0 |   0.0
        D:8 |    1264 |       0 |   0.0 |       7 |       0 |   0.0
      Sewer |       0 |     359 | 100.0 |       0 |      49 | 100.0
            +---------+---------+-------+---------+---------+-------
